 Dungeon Crawl Stone Soup version 0.26.1-10-gdfb7c7de75 (webtiles) character file.

Game seed: 4108765220527946364

4071 MalarOregon the Blocker (level 10, -10/66 HPs)
             Began as a Halfling Fighter on Apr 2, 2021.
             Was a Follower of Ru.
             Mangled by a two-headed ogre
             ... wielding a +0 giant club
              (16 damage)
             ... on level 8 of the Dungeon.
             The game lasted 00:16:22 (9485 turns).

MalarOregon the Blocker (Halfling Fighter)          Turns: 9485, Time: 00:16:23

Health: -10/66     AC: 16    Str: 28    XL:     10   Next: 49%
Magic:  10/10      EV: 12    Int:  9    God:    Ru [*.....]
Gold:   458        SH: 13    Dex: 19    Spells: 9/9 levels left

rFire    + . .     SeeInvis .   D - +5 long sword "Qess" {flame, *Slow Str+5 Dex+4}
rCold    . . .     Faith    .   c - +0 kite shield
rNeg     . . .     Spirit   .   E - +0 plate armour (curse)
rPois    .         Reflect  .   (no helmet)
rElec    .         Harm     .   (no cloak)
rCorr    .         Rampage  .   (no gloves)
Will     .....                  M - +2 pair of boots
Stlth    ..........             (no amulet)
HPRegen  0.21/turn              i - ring of protection from fire
MPRegen  0.12/turn              e - +6 ring of strength

@: studying Earth Magic
A: small, mutation resistance 1, missing an eye
a: Renounce Religion


You were on level 8 of the Dungeon.
You worshipped Ru.
Ru was aware of your devotion.
You visited 2 branches of the dungeon, and saw 9 of its levels.

You collected 458 gold pieces.

Inventory:

Hand Weapons
 a - a +0 long sword
 r - a +2 dagger of venom
   (You took it off a goblin on level 2 of the Dungeon)
 w - a +1 dagger of electrocution
   (You took it off a kobold on level 3 of the Dungeon)
 D - the +5 long sword "Qess" (weapon) {flame, *Slow Str+5 Dex+4}
   (You found it on level 5 of the Dungeon)

   It has been specially enchanted to burn those struck by it, causing extra
   injury to most foes and up to half again as much damage against particularly
   susceptible opponents.
   Big, fiery blades are also staple armaments of hydra-hunters.
   It affects your strength (+5).
   It affects your dexterity (+4).
   It may slow you when you take damage.
 F - a +1 dagger of holy wrath
   (You took it off an orc on level 5 of the Dungeon)
Missiles
 l - a throwing net {!f}
 m - 14 poisoned darts (quivered)
Armour
 b - a +0 scale mail
 c - a +0 kite shield (worn)
 B - a +3 leather armour of poison resistance
   (You took it off an orc on level 4 of the Dungeon)
 E - a cursed +0 plate armour (worn)
   (You found it on level 5 of the Dungeon)
 M - a +2 pair of boots (worn)
   (You found it on level 3 of the Dungeon)
Jewellery
 e - a +6 ring of strength (right hand)
   (You found it on level 7 of the Dungeon)
 i - a ring of protection from fire (left hand)
   (You found it on level 2 of the Dungeon)
 G - an uncursed ring of fire
   (You found it on level 6 of the Dungeon)
 I - an uncursed amulet of the acrobat {unknown}
   (You found it on level 8 of the Dungeon)
Wands
 t - a wand of flame (14)
   (You found it on level 8 of the Dungeon)
 x - a wand of acid (10)
   (You found it on level 8 of the Dungeon)
Scrolls
 g - a scroll of fear {unknown}
 h - 6 scrolls of teleportation {unknown}
 k - 2 scrolls of fog {unknown}
 o - 5 scrolls of amnesia {unknown}
 p - 5 scrolls of enchant weapon {unknown}
 s - 4 scrolls of remove curse {@r2}
 y - 2 scrolls of enchant armour {unknown}
 z - 3 scrolls of identify {@r1}
 A - 3 scrolls of noise {unknown}
 H - a scroll of blinking {unknown}
 J - a scroll of silence {unknown}
 N - a scroll of random uselessness {unknown}
Potions
 d - 3 potions of might
 f - 4 potions of haste {@q3}
 j - 3 potions of magic
 n - 5 potions of curing {@q1}
 u - 3 potions of lignification {!q}
 v - a potion of ambrosia
 C - a potion of flight
 K - a potion of mutation {!q}
 L - 2 potions of berserk rage {unknown}
Books
 q - a manual of Earth Magic {!d}
   (You found it on level 8 of the Dungeon)


   Skills:
 + Level 5.2 Fighting
 * Level 7.6 Long Blades
 + Level 6.4 Armour
 + Level 5.3 Dodging
 + Level 5.8 Stealth
 * Level 8.7 Shields
 + Level 2.1 Earth Magic


You had 9 spell levels left.
You didn't know any spells.
Your spell library contained the following spells:

 Spells                   Type           Power        Failure   Level
 Sandblast                Erth           6%           99%         1
 Foxfire                  Conj/Fire      0%           100%        1
 Summon Small Mammal      Summ           0%           100%        1
 Call Imp                 Summ           0%           100%        2
 Passwall                 Tmut/Erth      0%           100%        2
 Call Canine Familiar     Summ           0%           100%        3
 Conjure Flame            Conj/Fire      0%           100%        3
 Inner Flame              Hex/Fire       0%           100%        3
 Stone Arrow              Conj/Erth      2%           100%        3
 Summon Guardian Golem    Hex/Summ       0%           100%        3
 Petrify                  Tmut/Erth      1%           100%        4
 Sticky Flame             Conj/Fire      0%           100%        4
 Summon Ice Beast         Ice/Summ       0%           100%        4
 Summon Lightning Spire   Summ/Air       0%           100%        4
 Fireball                 Conj/Fire      0%           100%        5
 Lee's Rapid Deconstruct  Erth           1%           100%        5


Dungeon Overview and Level Annotations

Branches:
Dungeon (8/15)             Temple (1/1) D:5
   Lair: D:8-11

Altars:
Ashenzari
Cheibriados
Dithmenos
Elyvilon
Gozag
Hepliaklqana
Makhleb
Nemelex Xobeh
Okawaru
Qazlal
Ru
Sif Muna
Trog
Uskayaw
Vehumet
Wu Jian
Xom
Yredelemnul
Zin
The Shining One

Portals:
Abyss: D:7

Annotations:
D:7 2 transporters, Torikoriko's ghost, weakling PaDe


Innate Abilities, Weirdness & Mutations

You are small and have problems with some larger weapons.
You are somewhat resistant to further mutation.
You are missing an eye, making it more difficult to aim.


Message History

There is an open door here.
You see here 23 arrows.
You open the door.
There is an open door here.
There is an open door here.
There is an open door here.
Key pressed, stopping explore.
No target in view!
You open the door.
A sky beast and a two-headed ogre come into view.
The two-headed ogre shouts in stereo!
Found a club.
Found a stone staircase leading up.
The two-headed ogre closely misses you.
You riposte.
You hit the two-headed ogre. You burn the two-headed ogre.
You block the two-headed ogre's attack.
There is an open door here.
There are monsters nearby!
You hit the two-headed ogre. You burn the two-headed ogre.
You block the two-headed ogre's attack. The two-headed ogre barely misses you.
There are monsters nearby!
You slash the two-headed ogre! You burn the two-headed ogre.
You block the two-headed ogre's attack. The two-headed ogre barely misses you.
You hit the two-headed ogre. You burn the two-headed ogre.
You block the sky beast's attack.
You redirect the two-headed ogre's attack!
The two-headed ogre barely misses the sky beast.
The two-headed ogre hits the sky beast with a +0 giant spiked club!!
The sky beast closely misses you.
You slash the sky beast! You burn the sky beast.
You kill the sky beast!
The two-headed ogre hits you with a +0 giant club!
The two-headed ogre hits you with a +0 giant spiked club.
You closely miss the two-headed ogre. You closely miss the two-headed ogre.
The two-headed ogre hits you with a +0 giant club!!
* * * LOW HITPOINT WARNING * * *
The two-headed ogre hits you with a +0 giant spiked club.
* * * LOW HITPOINT WARNING * * *
You slash the two-headed ogre! You burn the two-headed ogre.
The two-headed ogre barely misses you.
You riposte.
You hit the two-headed ogre. You burn the two-headed ogre.
You block the two-headed ogre's attack.
You hit the two-headed ogre but do no damage.
The two-headed ogre hits you but does no damage.
You block the two-headed ogre's attack.
You barely miss the two-headed ogre.
The two-headed ogre hits you with a +0 giant club!!
* * * LOW HITPOINT WARNING * * *
The two-headed ogre hits you with a +0 giant spiked club!
You die...

#.###.##.........# #.# #.#
#.##.###.###.###.#
..###.#.#.##.##...##.#
.......###.#<........##########
#.#.#.#.#.#####......._.......#
#.#.#.#..## ##.############.#
#.#...#.## #.# #.# ........# #.#
#.# ####.#### #@# #####.### # #.#
#.†O# #>....... # #.### #.....#
#.###.### #.#.## #)...<..#
#..#..# #
####....####.........####....####
...........+.........+...........
####....####.........# #........
#.#.## ##.......## ##.#.###.
#.### ##.#.# #.


You could see a two-headed ogre.

Vanquished Creatures
  A two-headed ogre (D:8)
  Pikel (D:7)
  Prince Ribbit (D:7)
  A steam dragon (D:6)
  A necrophage (D:5)
  An ice beast (D:7)
  4 sky beasts
  An ogre (D:5)
  3 centaurs
  2 lemures (D:7)
  6 bullfrogs
  5 scorpions
  3 jellies
  4 hounds
  A centaur skeleton (D:8)
  A bullfrog skeleton (D:5)
  3 orc priests
  11 orc wizards
  Jessica (D:2)
  An iguana (D:4)
  4 worker ants
  A killer bee zombie (D:8)
  A hound zombie (D:5)
  2 hound skeletons
  22 gnolls
  6 adders
  A white imp (D:6)
  2 ufetubi (D:5)
  A worm (D:6)
  2 dart slugs
  4 leopard geckos
  23 orcs
  2 ball pythons
  6 giant cockroaches
  6 goblins
  9 hobgoblins
  4 jackals (D:3)
  8 kobolds
  4 quokkas
  5 bats
  3 frilled lizards
  7 rats
175 creatures vanquished.

Vanquished Creatures (others)
  5 dream sheep (D:3)
5 creatures vanquished.

Grand Total: 180 creatures vanquished

Notes
Turn   | Place    | Note
-------+----------+-------------------------------------------
     0 | D:1      | MalarOregon the Halfling Fighter began the quest for the
                  | Orb.
     0 | D:1      | Reached XP level 1. HP: 15/15 MP: 1/1
   216 | D:1      | Reached XP level 2. HP: 17/20 MP: 2/2
   593 | D:1      | You fall into a shaft and drop 1 floor!
   649 | D:2      | Reached XP level 3. HP: 25/25 MP: 3/3
   838 | D:1      | Reached skill level 1 in Stealth
  1227 | D:2      | Reached XP level 4. HP: 11/30 MP: 4/4
  1560 | D:2      | Reached skill level 1 in Dodging
  1560 | D:2      | Reached skill level 4 in Shields
  2231 | D:2      | Noticed Jessica
  2237 | D:2      | Killed Jessica
  2238 | D:2      | Reached XP level 5. HP: 22/36 MP: 5/5
  2678 | D:2      | Found a stormy altar of Qazlal.
  2899 | D:3      | You fall into a shaft and drop 1 floor!
  3133 | D:3      | Reached XP level 6. HP: 42/42 MP: 6/6
  3315 | D:3      | Noticed a sky beast
  3321 | D:3      | Killed a sky beast
  3609 | D:3      | Reached skill level 5 in Shields
  3791 | D:3      | Reached XP level 7. HP: 30/46 MP: 7/7
  4034 | D:3      | Noticed a dream sheep
  4034 | D:3      | Noticed a dream sheep
  4034 | D:3      | Noticed a dream sheep
  4034 | D:3      | Noticed a dream sheep
  4034 | D:3      | Noticed a dream sheep
  4034 | D:3      | Found a shimmering altar of Xom.
  4039 | D:3      | Killed a dream sheep
  4039 | D:3      | Killed a dream sheep
  4039 | D:3      | Killed a dream sheep
  4039 | D:3      | Killed a dream sheep
  4039 | D:3      | Killed a dream sheep
  4958 | D:4      | Found a white marble altar of Elyvilon.
  5002 | D:4      | You fall into a shaft and drop 1 floor!
  5002 | D:5      | Entered Level 5 of the Dungeon
  5627 | D:5      | Found a broken altar of Ashenzari.
  5652 | D:5      | Got an ichor-stained long sword
  5653 | D:5      | Identified the +5 long sword "Qess" {flame, *Slow Str+5
                  | Dex+4} (You found it on level 5 of the Dungeon)
  5706 | D:5      | Reached XP level 8. HP: 54/54 MP: 8/8
  5920 | D:5      | Reached skill level 6 in Shields
  6015 | D:5      | Reached skill level 5 in Long Blades
  6304 | D:5      | Found a staircase to the Ecumenical Temple.
  6313 | Temple   | Entered the Ecumenical Temple
  6374 | Temple   | Became a worshipper of Ru the Awakened
  6736 | D:5      | Found a snail-covered altar of Cheibriados.
  6823 | D:6      | Reached skill level 5 in Armour
  6954 | D:6      | Found a sparkling altar of Nemelex Xobeh.
  6955 | D:6      | Found a radiant altar of Vehumet.
  7001 | D:6      | Reached XP level 9. HP: 57/58 MP: 9/9
  7063 | D:6      | Reached skill level 7 in Shields
  7895 | D:7      | Noticed Prince Ribbit
  7908 | D:7      | Killed Prince Ribbit
  8095 | D:7      | Reached skill level 5 in Stealth
  8225 | D:7      | Noticed Pikel
  8274 | D:7      | Killed Pikel
  8275 | D:7      | Reached skill level 8 in Shields
  8275 | D:7      | Reached XP level 10. HP: 65/65 MP: 10/10
  8283 | D:7      | Found a transporter.
  8427 | D:7      | Found a transporter.
  8430 | D:7      | Found a one-way gate to the infinite horrors of the Abyss.
  8430 | D:7      | Noticed Torikoriko's ghost (weakling PaDe)
  8446 | D:7      | Identified the +6 short sword "Dragonbane" {distort, Int+2
                  | Dex+5 Stlth+}
  8542 | D:8      | Found a glowing silver altar of Zin.
  8568 | D:8      | Gained mutation: You are missing an eye, making it more
                  | difficult to aim. [Ru sacrifice]
  8568 | D:8      | Reached * piety under Ru
  8671 | D:8      | Reached skill level 5 in Fighting
  8905 | D:8      | Found a glowing golden altar of the Shining One.
  8905 | D:8      | Found a burning altar of Makhleb.
  8930 | D:8      | Noticed a two-headed ogre
  8935 | D:8      | Killed a two-headed ogre
  8936 | D:8      | Reached skill level 5 in Dodging
  8936 | D:8      | Reached skill level 1 in Earth Magic
  9475 | D:8      | Noticed a two-headed ogre
  9485 | D:8      | Mangled by a two-headed ogre

Illustrated notes

Levels and vault maps discovered:
D:1:      minmay_arrival_pointy, layout_loops_cross
D:2:      layout_basic, grunt_qazlal_clouds, uniq_jessica
D:3:      layout_basic, kb_xom_exploding_sheep
D:4:      layout_loops_corners, elyvilon_altar_3
D:5:      layout_basic, ashenzari_conservatory_becter, kennysheep_mini_moat,
          minmay_temple_entry_trees, hangedman_decor_clover_reticule,
          hex_intersection
D:6:      layout_loops_ring, chequers_temple_overflow_statue_of_worship
D:7:      layout_loops_ring, gammafunk_ghost_abyssal_escape, uniq_pikel,
          uniq_prince_ribbit1
D:8:      layout_loops_corners, overflow_temple_1_default,
          gammafunk_temple_overflow_pools, grunt_ministairs_1,
          minmay_manual_mares
Temple:   nicolae_temple_x_marks_the_god

Skill      XL: |  1  2  3  4  5  6  7  8  9 10 |
---------------+-------------------------------+-----
Stealth        | 1 2 3 4 5 |  5.8
Dodging        | 1 2 3 4 5 |  5.3
Shields        | 4 5 6 8 |  8.7
Long Blades    | 3 4 5 7 |  7.6
Fighting       | 3 4 5 |  5.2
Armour         | 4 5 6 |  6.4
Earth Magic    | 2 |  2.1

Action                   |  1- 3 |  4- 6 |  7- 9 | 10-12 || total
-------------------------+-------+-------+-------+-------++-------
Melee: Long sword        |    63 |    64 |   185 |    67 ||   379
       Dagger            |       |   108 |   133 |       ||   241
Throw: Dart              |     9 |    22 |     8 |       ||    39
Invok: Sacrifice an Eye  |       |       |       |     1 ||     1
  Use: Scroll            |       |       |    10 |       ||    10
Armor: Scale mail        |    18 |    39 |    40 |       ||    97
       Plate armour      |       |       |   106 |    26 ||   132
Dodge: Dodged            |    20 |    61 |    82 |    23 ||   186
Block: Kite shield       |    38 |    91 |   183 |    37 ||   349
       Rpst.: Long sword |    10 |    11 |    10 |     7 ||    38
